 Dungeon Crawl Stone Soup version 0.21-a0-264-g3e31e41 (webtiles) character file.

154 Gruud the Changer (level 5, -8/37 HPs)
             Began as a Demonspawn Transmuter on Sept 9, 2017.
             Mangled by a goblin
             ... wielding a +1 dagger of electrocution
             ... led by Robin
              (14 damage)
             ... on level 3 of the Dungeon.
             The game lasted 00:08:47 (2123 turns).

Gruud the Changer (Demonspawn Transmuter)           Turns: 2123, Time: 00:08:48

Health: -8/37      AC: 12    Str: 12    XL:     5   Next: 13%
Magic:  17/17      EV: 12    Int: 14    God:
Gold:   135        SH:  0    Dex: 13    Spells: 2/8 levels left

rFire    . . .     SeeInvis .   a - +1 mace (protect)
rCold    . . .     Gourm    .   (no shield)
rNeg     . . .     Faith    .   r - +0 robe
rPois    .         Spirit   .   l - +0 helmet (curse)
rElec    .         Reflect  .   (no cloak)
rCorr    .         Harm     .   (no gloves)
MR       .....                  (no boots)
Stlth    +.........             (no amulet)
HPRegen  0.12/turn              k - ring of magical power
MPRegen  0.15/turn              (no ring)

@: protection aura
A: thin metallic scales 1, demonic guardian 1, foul stench 1, rot immunity
a: no special abilities


You were on level 3 of the Dungeon.
You were hungry.

You visited 1 branch of the dungeon, and saw 3 of its levels.

You collected 135 gold pieces.

Inventory:

Hand Weapons
 a - a +1 mace of protection (weapon)
 b - a +0 blowgun
 g - a cursed -3 dagger
Missiles
 o - 11 arrows
 s - 14 poisoned needles
Armour
 l - a cursed +0 helmet (worn)
 r - a +0 robe (worn)
Jewellery
 k - a ring of magical power (left hand)
Wands
 t - a wand of polymorph (0/24)
Scrolls
 i - 3 scrolls of teleportation
Potions
 e - a potion of lignification
 f - 2 potions of heal wounds
 h - a potion of mutation
 j - a potion of ambrosia
 m - a potion of berserk rage
 n - a potion of invisibility {unknown}
 p - a potion of curing {unknown}
 q - a potion of magic {unknown}
Books
 c - a book of Changes

   Spells                             Type                      Level
   a - Beastly Appendage              Transmutation                1
   b - Sticks to Snakes               Transmutation                2
   c - Spider Form                    Transmutation/Poison         3
   d - Ice Form                       Ice/Transmutation            4
   e - Blade Hands                    Transmutation                5
Comestibles
 d - 3 bread rations
 u - 4 chunks of flesh


   Skills:
 - Level 1.0 Fighting
 - Level 1.7 Dodging
 - Level 2.6 Unarmed Combat
 - Level 2.0 Spellcasting
 * Level 4.9 Transmutations


You had 2 spell levels left.
You knew the following spells:

 Your Spells              Type           Power        Failure   Level  Hunger
a - Beastly Appendage     Tmut           ###...       3%          1    ##.....
b - Sticks to Snakes      Tmut           ###.....     4%          2    ###....
c - Spider Form           Tmut/Pois      #.........   26%         3    ####...


Dungeon Overview and Level Annotations

Branches:
Dungeon (3/15)

Altars:
Ashenzari
Trog


Innate Abilities, Weirdness & Mutations

You are partially covered in thin metallic scales. (AC +2)
A weak demonic guardian rushes to your aid.
You may emit foul miasma when damaged in melee.
You are immune to rotting.


Message History

The jackal misses you.
You barely miss the jackal.
The jackal is moderately wounded.
The jackal completely misses you.
The jackal bites you but does no damage.
You thump the jackal!
Your weapon exudes an aura of protection.
You kill the jackal!
You closely miss the hobgoblin.
The hobgoblin hits you but does no damage.
The hobgoblin barely misses you.
You sock the hobgoblin!
You kill the hobgoblin!
The goblin hits you but does no damage.
You are electrocuted!
Ouch! That really hurt!
* * * LOW HITPOINT WARNING * * *
You hit the goblin.
The goblin is heavily wounded.
The goblin hits you but does no damage.
You are electrocuted!
You die...

#g# #.# #.# #.#
#.# #.# #.. #.#
##. #.# #g #.#
######. #.#
#......##.#
......)g@)#
#.#########
##########
#......... #.<#
........5gggggg
#####...#######
#...#


You could see a goblin.

Vanquished Creatures
  A howler monkey (D:2)
  Ijyb (D:3)
  Robin (D:3)
  An adder (D:2)
  An ooze (D:2)
  2 worms (D:2)
  2 leopard geckos (D:1)
  An orc (D:3)
  2 ball pythons
  7 bats
  4 giant cockroaches (D:1)
  14 goblins
  2 hobgoblins
  4 jackals (D:3)
  9 kobolds
  4 frilled lizards
  3 rats
59 creatures vanquished.

Notes
Turn   | Place    | Note
-------+----------+-------------------------------------------
     0 | D:1      | Gruud the Demonspawn Transmuter began the quest for the Orb.
     0 | D:1      | Reached XP level 1. HP: 15/15 MP: 3/3
    43 | D:1      | Reached skill level 2 in Transmutations
   275 | D:1      | Gained mutation: You are immune to rotting. [demonic ancestry]
   275 | D:1      | Reached XP level 2. HP: 16/21 MP: 3/5
   279 | D:1      | Learned a level 2 spell: Sticks to Snakes
   635 | D:1      | Reached skill level 3 in Transmutations
  1026 | D:2      | Noticed a howler monkey
  1047 | D:2      | Gained mutation: A weak demonic guardian rushes to your aid. [demonic ancestry]
  1047 | D:2      | Reached XP level 3. HP: 26/26 MP: 6/6
  1052 | D:2      | Learned a level 3 spell: Spider Form
  1092 | D:2      | Found a bloodstained altar of Trog.
  1261 | D:2      | Found a shattered altar of Ashenzari.
  1606 | D:2      | Reached skill level 4 in Transmutations
  1606 | D:2      | Gained mutation: You may emit foul miasma when damaged in melee. [demonic ancestry]
  1606 | D:2      | Reached XP level 4. HP: 26/32 MP: 4/7
  1646 | D:3      | Noticed Ijyb
  1646 | D:3      | Noticed Robin
  1898 | D:3      | Killed Ijyb
  2099 | D:3      | Gained mutation: You are partially covered in thin metallic scales. (AC +2) [demonic ancestry]
  2099 | D:3      | Reached XP level 5. HP: 26/37 MP: 8/8
  2106 | D:3      | Killed Robin
  2123 | D:3      | Mangled by a goblin

Vault maps used:
D:1:      dpeg_arrival_simpleton_c, minmay_octomino_c4
D:2:      old_standard_altar, lemuel_coloured_pillars_altar, first_bread
D:3:      xom_teletrap_fun, nemelex_xobeh_ov_fountains_minmay,
          nicolae_ru_awakened_eye, uniq_ijyb, uniq_robin

Skill      XL: |  1  2  3 |
---------------+----------+-----
Transmutations | 2 3 4 |  4.9
Fighting       | |  1.0
Dodging        | |  1.7
Unarmed Combat | |  2.6
Spellcasting   | |  2.0

Action                   |  1- 3 |  4- 6 || total
-------------------------+-------+-------++-------
Melee: Unarmed           |    87 |    46 ||   133
       Headbutt          |     4 |       ||     4
       Kick              |     2 |       ||     2
       Mace              |    45 |    52 ||    97
       Punch             |     1 |       ||     1
 Cast: Beastly Appendage |     7 |       ||     7
       Spider Form       |     2 |     4 ||     6
       Sticks to Snakes  |     1 |       ||     1
  Use: Scroll            |     7 |     2 ||     9
 Stab: Sleeping          |     1 |       ||     1
  Eat: Chunk             |     3 |     2 ||     5
Armor: Robe              |    36 |    27 ||    63
       Skin              |     1 |     1 ||     2
Dodge: Dodged            |    92 |    81 ||   173

Table legend:
 A = Spawn XP
 B = Non-spawn XP
 C = Spawn XP percentage of total XP
 D = Spawn monster count
 E = Non-spawn monster count
 F = Spawn count percentage of total count
 G = Total turns spent on level
                    A         B        C        D         E        F      G
               +---------+---------+-------+---------+---------+-------+---------
         Total |       0 |     221 |   0.0 |       0 |      59 |   0.0 |  2123
               +---------+---------+-------+---------+---------+-------+---------
           D:1 |       0 |      38 |   0.0 |       0 |      20 |   0.0 |   989
           D:2 |       0 |     101 |   0.0 |       0 |      17 |   0.0 |   720
           D:3 |       0 |      82 |   0.0 |       0 |      22 |   0.0 |   414
               +---------+---------+-------+---------+---------+-------+---------
